 Dungeon Crawl Stone Soup version 0.25-a0-558-g78a2afb0af (webtiles) character file.

Game seed: 17793404687169395671, levelgen mode: deterministic

2539 An17 the Grappler (level 9, -1/74 HPs)
             Began as a Ghoul Monk on Feb 25, 2020.
             Was a Priest of Ru.
             Slain by a two-headed ogre
             ... wielding a +0 giant club
              (9 damage)
             ... on level 7 of the Dungeon.
             The game lasted 00:20:12 (5181 turns).

An17 the Grappler (Ghoul Monk)                      Turns: 5181, Time: 00:20:12

Health: -1/74      AC: 14    Str: 18    XL:     9   Next: 55%
Magic:  8/8        EV:  7    Int: 10    God:    Ru [***...]
Gold:   350        SH:  0    Dex: 11    Spells: 8/8 levels left

rFire    + . .     SeeInvis .     - Unarmed
rCold    + . .     Gourm    .   (no shield)
rNeg     + + +     Faith    .   g - +4 chain mail {rF+}
rPois    ∞         Spirit   .   u - +0 helmet
rElec    .         Reflect  .   (no cloak)
rCorr    .         Harm     .   (no gloves)
MR       .....                  (no boots)
Stlth    ..........             (no amulet)
HPRegen  0.00/turn              y - +6 ring of slaying
MPRegen  0.11/turn              C - +5 ring of intelligence

@: exhausted, rotting, lightly drained
A: rotting body, claws 1, carnivore, cold resistance 1, negative energy
resistance 3, inhibited regeneration, torment resistance, unbreathing, inability
to train dodging, unskilled 1
a: Draw Out Power, Renounce Religion


You were on level 7 of the Dungeon.
You worshipped Ru.
Ru was most pleased with you.
You were not hungry.

You visited 2 branches of the dungeon, and saw 8 of its levels.

You collected 350 gold pieces.

Inventory:

Hand Weapons
 c - a +3 halberd
 n - a +1 falchion of freezing
 t - the +10 morningstar "Eos" {elec, Halo rElec}
   (You found it on level 4 of the Dungeon)

   Occasionally, upon striking a foe, it will discharge some electrical energy
   and cause terrible harm.
   It insulates you from electricity.
 v - a +1 whip of freezing
 B - a +2 dagger of draining
Missiles
 f - 4 boomerangs (quivered)
Armour
 g - a +4 chain mail of fire resistance (worn)
 u - a +0 helmet (worn)
Jewellery
 x - the amulet "Tifoac" {Reflect MR++ Str-3 SH+3}
   (You found it on level 6 of the Dungeon)

   [amulet of reflection]

   It shields you and reflects attacks.
   It affects your strength (-3).
   It affects your resistance to hostile enchantments.
   It affects your SH (+3).
 y - a +6 ring of slaying (left claw)
 z - an uncursed ring of stealth
 C - a +5 ring of intelligence (right claw)
Wands
 j - a wand of flame (11)
Scrolls
 d - 2 scrolls of magic mapping
 e - a scroll of enchant weapon
 o - 5 scrolls of teleportation
 q - a scroll of remove curse
 s - a scroll of identify
Potions
 a - a potion of brilliance {unknown}
 h - 2 potions of might
 i - 2 potions of stabbing
 l - a potion of experience {unknown}
 m - 4 potions of heal wounds
 r - 2 potions of haste
 w - 3 potions of curing
Comestibles
 b - 14 rations
 k - 2 chunks of flesh


   Skills:
 * Level 5.5(5.2) Fighting
 + Level 4.0(3.7) Armour
 - Level 2.0(1.6) Stealth
 * Level 10.9(10.5) Unarmed Combat


You had 8 spell levels left.
You didn't know any spells.
Your spell library contained the following spells:

 Spells                   Type           Power        Failure   Level  Hunger
 Sandblast                Erth           #.....       99%         1    ##.....
 Passwall                 Tmut/Erth      #.......     100%        2    ###....
 Confusing Touch          Hex            #.......     100%        3    ####...
 Gell's Gravitas          Tloc           #.........   100%        3    ####...
 Stone Arrow              Conj/Erth      #.....       100%        3    ####...
 Petrify                  Tmut/Erth      #.......     100%        4    #####..
 Lee's Rapid Deconstruct  Erth           #.........   100%        5    ######.
 Metabolic Englaciation   Hex/Ice        #.........   100%        5    ######.
 Yara's Violent Unravell  Hex/Tmut       #.........   100%        5    ######.


Dungeon Overview and Level Annotations

Branches:
Dungeon (7/15)             Temple (1/1) D:4

Altars:
Cheibriados
Fedhas
Nemelex Xobeh
Ru
Zin
The Shining One

Shops:
D:5 [}


Innate Abilities, Weirdness & Mutations

Your body is rotting away.
You thrive on raw meat.
You are immune to poison.
You have sharp fingernails.
You are carnivorous and can eat meat at any time.
Your flesh is cold resistant. (rC+)
You are immune to negative energy. (rN+++)
You do not regenerate when monsters are visible.
You are immune to unholy pain and torment.
You can survive without breathing.
You cannot train Dodging skill.
You are somewhat unskilled. (-1 Apt)


Message History

The two-headed ogre is heavily wounded.
You barely miss the two-headed ogre.
The two-headed ogre is heavily wounded.
The two-headed ogre hits you with a +0 giant club!
* * * LOW HITPOINT WARNING * * *
The two-headed ogre hits you but does no damage.
Okay, then.
You are restored by drawing out deep reserves of power within.
You feel drained.
The two-headed ogre hits you with a +0 giant club!
The two-headed ogre hits you with a cursed -2 giant spiked club!!
* * * LOW HITPOINT WARNING * * *
You scratch the two-headed ogre.
The two-headed ogre is heavily wounded.
You claw the two-headed ogre!
The two-headed ogre is severely wounded.
The two-headed ogre hits you with a +0 giant club.
* * * LOW HITPOINT WARNING * * *
The two-headed ogre hits you with a cursed -2 giant spiked club!
You die...

#. #C.###
#...###
#....C#
#...#O#
#O.####O#
#. #@#
#.# ##.#
#####..#
#...#.##
##.#.#.#
#..#...#
##.#...##
#..#...#


You could see 2 two-headed ogres and a cyclops.

Vanquished Creatures
  Pikel (D:5)
  Sigmund (D:4)
  3 ogres
  5 centaurs
  The ghost of Sele the Grave Robber, an amateur DENe (D:3)
  3 bullfrogs
  A scorpion (D:5)
  2 wights (D:6)
  4 crimson imps
  A jelly (D:6)
  3 orc wizards
  A hound (D:6)
  3 orc priests
  A centaur skeleton (D:6)
  An iguana (D:5)
  7 worker ants
  A killer bee zombie (D:6)
  A mummy (D:4)
  Robin (D:4)
  5 adders
  4 gnolls (D:3)
  An ooze (D:5)
  An adder zombie (D:6)
  2 dart slugs
  6 leopard geckos
  15 orcs
  7 bats
  5 giant cockroaches
  20 goblins
  9 hobgoblins
  4 jackals
  7 quokkas
  5 frilled lizards
  A hobgoblin zombie (D:4)
  6 kobolds
  A kobold zombie (D:4)
  10 rats
150 creatures vanquished.

Vanquished Creatures (others)
  A wight (D:6)
  A howler monkey (D:5)
  A ball python (D:5)
3 creatures vanquished.

Grand Total: 153 creatures vanquished

Notes
Turn   | Place    | Note
-------+----------+-------------------------------------------
     0 | D:1      | An17 the Ghoul Monk began the quest for the Orb.
     0 | D:1      | Reached XP level 1. HP: 19/19 MP: 0/0
   176 | D:1      | Reached XP level 2. HP: 26/26 MP: 1/1
   683 | D:2      | Reached XP level 3. HP: 33/33 MP: 2/2
   693 | D:2      | Reached skill level 4 in Unarmed Combat
   904 | D:2      | Found a faded altar of an unknown god.
   952 | D:2      | Reached XP level 4. HP: 39/40 MP: 3/3
  1327 | D:3      | Found a runed translucent door.
  1327 | D:3      | Noticed Sele's ghost (amateur DENe)
  1345 | D:3      | Killed Sele's ghost
  1345 | D:3      | Reached skill level 1 in Armour
  1345 | D:3      | Reached skill level 5 in Unarmed Combat
  1345 | D:3      | Reached XP level 5. HP: 38/46 MP: 4/4
  1983 | D:3      | Reached skill level 6 in Unarmed Combat
  1983 | D:3      | Reached XP level 6. HP: 47/53 MP: 5/5
  2242 | D:4      | Found the +10 morningstar "Eos" {elec, Halo rElec}
  2244 | D:4      | Noticed Sigmund
  2265 | D:4      | Killed Sigmund
  2265 | D:4      | Reached skill level 7 in Unarmed Combat
  2265 | D:4      | Reached XP level 7. HP: 45/60 MP: 6/6
  2321 | D:4      | Found a staircase to the Ecumenical Temple.
  2334 | Temple   | Entered the Ecumenical Temple
  2341 | Temple   | Became a worshipper of Ru the Awakened
  2351 | D:4      | Gained mutation: You are somewhat unskilled. (-1 Apt) [Ru
                  | sacrifice]
  2351 | D:4      | Reduced skill Unarmed Combat to level 6
  2351 | D:4      | Reached * piety under Ru
  2351 | D:4      | Reached ** piety under Ru
  2616 | D:4      | Noticed Robin
  2653 | D:4      | Killed Robin
  2715 | D:4      | Reached skill level 7 in Unarmed Combat
  2769 | D:4      | Found a snail-covered altar of Cheibriados.
  2880 | D:4      | Found a sand-covered staircase.
  3065 | D:5      | Entered Level 5 of the Dungeon
  3120 | D:5      | Noticed Pikel
  3151 | D:5      | Killed Pikel
  3151 | D:5      | Reached skill level 8 in Unarmed Combat
  3151 | D:5      | Reached XP level 8. HP: 33/67 MP: 7/7
  3187 | D:5      | Found Maduymm's Gadget Boutique.
  3226 | D:5      | Reached skill level 9 in Unarmed Combat
  3303 | D:5      | Reached skill level 5 in Fighting
  3424 | D:5      | Found Ruc Zefo's Armour Emporium.
  3608 | D:5      | Found a glowing golden altar of the Shining One.
  3996 | D:6      | Got a scintillating copper amulet
  4048 | D:6      | Identified the amulet "Tifoac" {Reflect MR++ Str-3 SH+3}
                  | (You found it on level 6 of the Dungeon)
  4061 | D:6      | Reached XP level 9. HP: 65/73 MP: 8/8
  4107 | D:6      | Reached skill level 10 in Unarmed Combat
  4122 | D:6      | Found a blossoming altar of Fedhas.
  4406 | D:6      | Gained mutation: You cannot train Dodging skill. [Ru
                  | sacrifice]
  4406 | D:6      | Reached *** piety under Ru
  4765 | D:6      | Found a glowing silver altar of Zin.
  5164 | D:7      | Noticed a cyclops
  5165 | D:7      | Noticed a two-headed ogre
  5165 | D:7      | Noticed a two-headed ogre
  5181 | D:7      | Slain by a two-headed ogre

Levels and vault maps discovered:
D:1:      nzn_arrival_crosshair, layout_basic
D:2:      layout_rooms, first_ration, chequers_ecumenical_altar_island,
          minmay_pentomino_pile
D:3:      layout_rooms, ebering_ghost_reflecting_pool
D:4:      layout_basic, lemuel_coloured_pillars_altar,
          minmay_temple_entry_wispy, nicolae_ossuary_entry_giza,
          grunt_ministairs_12, uniq_sigmund, uniq_robin
D:5:      layout_gridville, lemuel_round_altar, serial_shops, shop, shop_statue,
          uniq_pikel
D:6:      layout_basic, fedhas_bush_and_centaur_altar, zin_academy
D:7:      minmay_blocky_corners, layout_rooms, elyvilon_altar_3, uniq_menkaure
Temple:   minmay_crystal_spiral_temple

Skill      XL: |  1  2  3  4  5  6  7  8  9 |
---------------+----------------------------+-----
Unarmed Combat | 4 5 6 7 8 9 10 | 10.9
Fighting       | 4 5 |  5.5
Armour         | 1 2 3 4 |  4.0
Dodging        | 0 |  0.0
Stealth        | |  2.0

Action                   |  1- 3 |  4- 6 |  7- 9 || total
-------------------------+-------+-------+-------++-------
Melee: Unarmed           |    99 |   191 |   301 ||   591
       Punch             |     1 |     2 |     3 ||     6
Invok: Sacrifice Skill   |       |       |     1 ||     1
       Draw Out Power    |       |       |     1 ||     1
       Sacrifice Nimblen |       |       |     1 ||     1
  Use: Scroll            |     8 |     4 |     8 ||    20
       Potion            |       |     2 |       ||     2
 Stab: Sleeping          |     1 |       |       ||     1
  Eat: Chunk             |    20 |    27 |    54 ||   101
Armor: Chain mail        |    44 |   130 |   121 ||   295
Dodge: Dodged            |    34 |    73 |    71 ||   178
Block: Other             |       |       |     4 ||     4

Table legend:
 A = Non-vault XP
 B = Vault XP
 C = Vault XP percentage of total XP
 D = Non-vault monster count
 E = Vault monster count
 F = Vault count percentage of total count
                 A         B        C        D         E       F
            +---------+---------+-------+---------+---------+-------
      Total |    2374 |    1254 |  34.6 |     125 |      26 |  17.2
            +---------+---------+-------+---------+---------+-------
        D:1 |      33 |       0 |   0.0 |      22 |       0 |   0.0
        D:2 |      64 |       5 |   7.2 |      16 |       4 |  20.0
        D:3 |     266 |      96 |  26.5 |      35 |       1 |   2.8
        D:4 |     156 |     324 |  67.5 |       5 |      18 |  78.3
        D:5 |     763 |     629 |  45.2 |      17 |       1 |   5.6
        D:6 |    1089 |     112 |   9.3 |      29 |       1 |   3.3
        D:7 |       3 |      88 |  96.7 |       1 |       1 |  50.0
            +---------+---------+-------+---------+---------+-------
